 Dungeon Crawl Stone Soup version 0.32-a0-933-ga8fa3634e4 (webtiles) character file.

Game seed: 18323084970313517745

804382 Biggs the Skinwalker (level 26, -49/145 (152) HPs)
             Began as a Vine Stalker Brigand on Apr 14, 2024.
             Was the Champion of Wu Jian.
             Killed by dispel undead
             ... invoked by a Tzitzimitl
             ... called by a doom hound
              (95 damage)
             ... on level 5 of Tartarus.
             The game lasted 04:39:29 (26438 turns).

Biggs the Skinwalker (Vine Stalker Brigand)        Turns: 26438, Time: 04:39:30

HP:   -49/145 (152) AC: 25    Str: 19 (23) XL:     26   Next: 91%
MP:   0/21          EV: 12    Int:  9      God:    Wu Jian [******]
Gold: 2612          SH: 20    Dex: 26 (27) Spells: 25/25 levels left

rFire   + + +        S - +10 zealot's sword {holy, Zealotry, *Rage rN+ EV+3}
rCold   + + +        A - +5 kite shield of Beuwoyh {rC+ Will+}
rNeg    + + +        e - +2 gold dragon scales
rPois   ∞            J - +2 hat {Stlth+}
rElec   +            p - +0 cloak of the Thief {Quiet Slay-3 SInv Stlth+}
rCorr   .            N - +3 pair of gauntlets of War {Slay+5}
SInv    +            x - +2 pair of boots of Prudence {Rampage ^Drain rPois rF++}
Will    ++...        V - amulet of Grontol {Regen+ Dex+3}
Stlth   ++++         i - ring of Ru's Inspiration {rElec rF+ Str+5 SInv}
HPRegen 2.04/turn    z - ring of Shadows {Umbra +Inv Stlth+}
MPRegen 0.17/turn

%: guardian spirit, rampage
@: death-form, wreathed by umbra, studying Ranged Weapons, silenced, lightly
drained, weak-willed
A: vile attack, torment immunity, no potions, fangs 3, regeneration 1, magic
shield, antimagic bite, no potion heal 2, hooves 1, horns 1, (berserk 1),
deformed body, deterioration 1, dopey 1, low MP 1, strong-willed 1, inability to
drink after injury 1, MP-powered wands
}: 10/15 runes: decaying, serpentine, slimy, silver, abyssal, demonic, glowing,
magical, fiery, dark
a: Siphon Essence, Begin Untransformation, Renounce Religion, Evoke
Invisibility, Wall Jump


You were on level 5 of Tartarus.
You worshipped Wu Jian.
Wu Jian was exalted by your worship.
You were an undying horror.
You visited 10 branches of the dungeon, and saw 49 of its levels.
You visited Pandemonium 1 time, and saw 20 of its levels.
You visited the Abyss 1 time.
You also visited: Trove, Ossuary, Gauntlet and Ice Cave.

You collected 4538 gold pieces.
You spent 1926 gold pieces at shops.

Inventory:

Hand Weapons
 O - the +8 falchion of Wounding {vamp, rN+ Str+4 Int+4}
   (You found it on level 5 of the Vaults)

   Str+4:     It affects your strength (+4).
   Int+4:     It affects your intelligence (+4).
   rN+:       It protects you from negative energy.
 P - a +5 quick blade of protection
 S - the +10 zealot's sword (weapon) {holy, Zealotry, *Rage rN+ EV+3}
   (You found it on level 5 of the Pits of Slime)

   Zealotry:  Whenever the wielder enters a berserk rage, their allies are
   berserked alongside them.
   EV+3:      It affects your evasion (+3).
   rN+:       It protects you from negative energy.
   *Rage:     It berserks you when you make melee attacks (+20% chance).
 Z - the +12 quick blade "Jownuaji" {antimagic, rC+}
   (You found it in Pandemonium)

   rC+:       It protects you from cold.
Missiles
 k - 7 throwing nets
 o - 2 poisoned darts (quivered)
Armour
 c - a scarf of shadows
 e - +2 gold dragon scales (worn)
 p - the +0 cloak of the Thief (worn) {Quiet Slay-3 SInv Stlth+}
   (You found it on level 2 of the Depths)

   Quiet:     All noise in your surroundings is dampened.
   Slay-3:    It affects your accuracy & damage with ranged weapons and melee
   (-3).
   SInv:      It lets you see invisible.
   Stlth+:    It makes you more stealthy.
 r - the +5 kite shield "Eptowkao" {rCorr}
   (You found it on level 5 of the Vaults)

   rCorr:     It protects you from acid and corrosion.
 x - the +2 pair of boots of Prudence (worn) {Rampage ^Drain rPois rF++}
   (You found it in a treasure trove)

   rF++:      It greatly protects you from fire.
   rPois:     It protects you from poison.
   ^Drain:    It drains your maximum health when unequipped.
   Rampage:   It bestows one free step when moving towards enemies.
 A - the +5 kite shield of Beuwoyh (worn) {rC+ Will+}
   (You found it in a treasure trove)

   rC+:       It protects you from cold.
   Will+:     It increases your willpower.
 H - a +2 helmet of see invisible
 J - a +2 hat of stealth (worn)
 N - the +3 pair of gauntlets of War (worn) {Slay+5}
   (You found it on level 5 of the Vaults)

   Slay+5:    It affects your accuracy & damage with ranged weapons and melee
   (+5).
Jewellery
 a - a ring of positive energy
 i - the ring of Ru's Inspiration (left hand) {rElec rF+ Str+5 SInv}
   (You took it off a tengu warrior on level 13 of the Dungeon)

   [ring of see invisible]

   Str+5:     It affects your strength (+5).
   rF+:       It protects you from fire.
   rElec:     It insulates you from electricity.
   SInv:      It lets you see invisible.
 m - a ring of protection from fire
 w - an amulet of reflection
 z - the ring of Shadows (right hand) {Umbra +Inv Stlth+}
   (You found it on level 2 of the Depths)

   [ring of stealth]

   Umbra:     It surrounds you with an aura of shadow, increasing your stealth
   and reducing the accuracy of all others within it.
   +Inv:      It lets you turn invisible.
   Stlth+:    It makes you more stealthy.
 C - the ring "Hoeteon" {Fly rF+ SInv}
   (You found it on level 13 of the Dungeon)

   [ring of protection from fire]

   rF+:       It protects you from fire.
   SInv:      It lets you see invisible.
   Fly:       It grants you flight.
 T - the macabre finger necklace {Finger+ rN+}
   (You found it in a Gauntlet)

   [amulet of nothing]

   Finger+:   It enables you to equip an extra ring.
   rN+:       It protects you from negative energy.
 V - the amulet of Grontol (around neck) {Regen+ Dex+3}
   (You took it off an angel in Pandemonium)

   [amulet of regeneration]

   Dex+3:     It affects your dexterity (+3).
   Regen+:    It increases your rate of health regeneration.
 Y - a ring of protection from cold
Talismans
 n - a granite talisman
 u - a talisman of death (active)
Wands
 q - a wand of acid (17)
 s - a wand of digging (40)
 Q - a wand of mindburst (19)
 R - a wand of iceblast (34)
 W - a wand of paralysis (24)
Scrolls
 b - 3 scrolls of revelation
 g - a scroll of enchant weapon
 h - 2 scrolls of blinking
 j - a scroll of summoning
 v - 5 scrolls of teleportation
 y - 5 scrolls of poison
 E - 8 scrolls of fog
 M - 2 scrolls of silence
Potions
 f - 6 potions of enlightenment
 l - 4 potions of resistance
 t - a potion of haste
 B - 7 potions of invisibility
 D - 6 potions of might
 F - 4 potions of mutation
 G - 3 potions of berserk rage
 I - 20 potions of curing
 L - 5 potions of cancellation
Miscellaneous
 d - a lightning rod (4/4)
 K - a sack of spiders
 U - a tin of tremorstones (2/2)


   Skills:
 - Level 20.0 Fighting
 - Level 14.0(15.4) Short Blades
 - Level 11.0(14.0) Long Blades
 - Level 1.7 Throwing
 + Level 11.5 Armour
 - Level 13.9 Dodging
 - Level 15.1 Stealth
 - Level 15.0 Shields
 - Level 10.0 Evocations
 - Level 23.0 Shapeshifting


You had 25 spell levels left.
You didn't know any spells.
Your spell library contained the following spells:

 Spells                   Type           Power      Damage    Failure   Level
 Apportation              Tloc           0%         N/A       100%        1
 Foxfire                  Conj/Fire      0%         2x1d4     100%        1
 Kiss of Death            Conj/Necr      0%         2d5       100%        1
 Magic Dart               Conj           0%         1d3       100%        1
 Necrotise                Necr           0%         1d4       100%        1
 Sandblast                Erth           0%         2d4       100%        1
 Sting                    Conj/Alch      0%         1d3       100%        1
 Summon Small Mammal      Summ           0%         N/A       100%        1
 Blink                    Tloc           0%         N/A       100%        2
 Call Imp                 Summ           0%         N/A       100%        2
 Cigotuvi's Dreadful Rot  Necr/Alch/Air  0%         N/A       100%        2
 Ensorcelled Hibernation  Hex/Ice        0%         N/A       100%        2
 Jinxbite                 Hex            0%         N/A       100%        2
 Mercury Vapours          Alch/Air       0%         N/A       100%        2
 Dazzling Flash           Conj/Hex       0%         N/A       100%        3
 Hailstorm                Conj/Ice       0%         3d5       100%        3
 Mephitic Cloud           Conj/Alch/Air  0%         N/A       100%        3
 Passwall                 Erth           0%         N/A       100%        3
 Stone Arrow              Conj/Erth      0%         3d7       100%        3
 Swiftness                Air            0%         N/A       100%        3
 Tukima's Dance           Hex            0%         N/A       100%        3
 Vampiric Draining        Necr           0%         2d6       100%        3
 Animate Dead             Necr           0%         N/A       100%        4
 Brom's Barrelling Bould  Conj/Erth      0%         2d3       100%        4
 Dispel Undead            Necr           0%         3d6       100%        4
 Fulminant Prism          Conj/Alch      0%         3d5       100%        4
 Leda's Liquefaction      Alch/Erth      0%         N/A       100%        4
 Martyr's Knell           Necr/Summ      0%         N/A       100%        4
 Olgreb's Toxic Radiance  Alch           0%         N/A       100%        4
 Passage of Golubria      Tloc           0%         N/A       100%        4
 Sticky Flame             Fire/Alch      0%         2d4       100%        4
 Alistair's Intoxication  Alch           0%         N/A       100%        5
 Borgnjor's Vile Clutch   Necr/Erth      0%         N/A       100%        5
 Curse of Agony           Necr           0%         N/A       100%        5
 Fireball                 Conj/Fire      0%         3d3       100%        5
 Iskenderun's Battlesphe  Conj           0%         2d6       100%        5
 Lee's Rapid Deconstruct  Erth           0%         3d4*      100%        5
 Silence                  Hex/Air        0%         N/A       100%        5
 Summon Forest            Summ/Tloc      0%         N/A       100%        5
 Summon Mana Viper        Hex/Summ       0%         N/A       100%        5
 Yara's Violent Unravell  Hex/Alch       0%         3d3       100%        5
 Conjure Ball Lightning   Conj/Air       0%         3x3d6     100%        6
 Death Channel            Necr           0%         N/A       100%        6
 Eringya's Noxious Bog    Alch           0%         4d6       100%        6
 Permafrost Eruption      Ice/Erth       0%         2x4d1     100%        6
 Plasma Beam              Fire/Air       0%         2x1d10    100%        6
 Sculpt Simulacrum        Ice/Alch       0%         N/A       100%        6
 Starburst                Conj/Fire      0%         6d3       100%        6
 Haunt                    Necr/Summ      0%         N/A       100%        7
 Ozocubu's Refrigeration  Ice            0%         4d7       100%        7
 Spellforged Servitor     Conj/Summ      0%         N/A       100%        7
 Summon Hydra             Summ           0%         N/A       100%        7
 Infestation              Necr           0%         N/A       100%        8
 Lehudib's Crystal Spear  Conj/Erth      0%         10d2      100%        8
 Maxwell's Capacitive Co  Air            0%         ∞         100%        8
 Chain Lightning          Conj/Air       0%         N/A       100%        9
 Dragon's Call            Summ           0%         N/A       100%        9
 Fire Storm               Conj/Fire      0%         5d1       100%        9
 Polar Vortex             Ice            0%         N/A       100%        9
 Shatter                  Erth           0%         3d5*      100%        9


Dungeon Overview and Level Annotations

Branches:
Dungeon (15/15)            Temple (1/1) D:6            Lair (5/5) D:10
  Swamp (4/4) Lair:3        Snake (4/4) Lair:2        Slime (5/5) Lair:4
    Orc (0/2) D:12         Vaults (5/5) D:13         Depths (4/4) D:15
   Hell (visited)             Tar (5/7) Hell            Zot (0/5) Depths:4
Ossuary (visited)           IceCv (visited)         Gauntlet (visited)
  Crypt: Vaults:2-3     Dis: Hell:1         Geh: Hell:1         Coc: Hell:1

Altars:
Ashenzari
Cheibriados
Dithmenos
Elyvilon
Gozag
Hepliaklqana
Kikubaaqudgha
Makhleb
Nemelex Xobeh
Okawaru
Qazlal
Ru
Sif Muna
Trog
Uskayaw
Vehumet
Wu Jian
Xom
Yredelemnul
Zin
The Shining One
Jiyva
Lugonu

Shops:
D:2 [   D:9 *   Vaults:2 (?=   Vaults:4 =!   Depths:2 !*:   Depths:4 =::

Portals:
Hell: Depths:2 Depths:3 Depths:4
Abyss: Lair:5 Depths:3
Pandemonium: Depths:2

Annotations:
D:3 2 runed translucent doors, gribnar's ghost, weakling DESu
D:6 1 runed translucent door, jfitz's ghost, novice MiBe
D:13 1 runed translucent door
Lair:2 2 transporters
Depths:4 exclusion: obsidian statue


Innate Abilities, Weirdness & Mutations

You are an undying horror.
Your melee and unarmed attacks drain, slow and weaken victims.
You are immune to unholy pain and torment.
You cannot drink.
You are immune to poison.
You have razor-sharp teeth.
Your natural rate of healing is unusually fast.
When hurt, damage is shared between your health and your magic reserves.
Your bite disrupts and absorbs the magic of your enemies.
Potions cannot restore your health.
You have large cloven feet.
You have a pair of small horns on your head.
((You sometimes lose your temper in combat.))
Armour fits poorly on your strangely shaped body.
Your body sometimes deteriorates upon taking damage.
You are dopey. (Int -2)
Your magical capacity is low. (-10% MP)
You are strong-willed. (Will+)
You occasionally lose the ability to drink potions when taking damage.
You expend magic power (3 MP) to strengthen your wands.


Message History

Your bite misses the Tzitzimitl.
The Tzitzimitl is lightly wounded.
The spectral shard shrike completely misses you.
The spectral shard shrike claws you. You block the lorocyproca's attack.
Unknown command.
You miss the Tzitzimitl. You headbutt the Tzitzimitl!
Your bite misses the Tzitzimitl.
The Tzitzimitl is moderately wounded.
You block the spectral shard shrike's attack.
The spectral shard shrike claws you.
The lorocyproca hits you but does no damage.
You block the Tzitzimitl's attack.
The Tzitzimitl bites you but does no damage.
You hit the Tzitzimitl but do no damage.
You headbutt the Tzitzimitl, but do no damage.
Your bite misses the Tzitzimitl.
The Tzitzimitl is moderately wounded.
The Tzitzimitl is no longer moving slowly.
The Tzitzimitl is no longer weakened.
The spectral shard shrike claws you but does no damage. x2
You block the lorocyproca's attack.
You slash the Tzitzimitl!
The Tzitzimitl decays.
You headbutt the Tzitzimitl.
You bite the Tzitzimitl, but do no damage.
The Tzitzimitl is heavily wounded.
You feel yourself speed up.
You block the spectral shard shrike's attack.
The Tzitzimitl completely misses you.
The Tzitzimitl bites you but does no damage.
You block the spectral shard shrike's attack.
The lorocyproca hits you!!
Your body deteriorates!
You feel clumsy.
You feel your power leaking away.
You slash the Tzitzimitl!
The Tzitzimitl decays.
Your bite misses the Tzitzimitl.
The Tzitzimitl is heavily wounded.
The spectral shard shrike claws you but does no damage.
The lorocyproca hits you but does no damage.
The Tzitzimitl gestures at you.
You convulse!
Ouch! That really hurt!
You die...

#.# ## # #. .. ## .
.... >. .#.# ..#
#.#.. .#.#.# ##
#..##.#..# .....#..#
#....#.#..###.#.....
#...##.#...1Z..#
#....##.##.z2#
#.....#)..###
#...).###.#.
#............
#..^..........
#......#####....
##...#### #..○
#.....# #.○ #..∩..#
##


You could see a Tzitzimitl (unsilenced, slow, weak), a lorocyproca (invisible)
and a spectral shard shrike (slow, weak).

Vanquished Creatures
  Cerebov (Pan)
  Dissolution (Slime:3)
  the Royal Jelly (Slime:5)
  Lom Lobon (Pan)
  Mnoleg (Pan)
  Gloorx Vloq (Pan)
  A seraph (Pan)
  A dread lich (Vaults:5)
  A pandemonium lord (Pan)
  Mennas (Pan)
  A juggernaut (Abyss:4)
  Sojobo (Vaults:3)
  Vashnia (Snake:3)
  Saint Roka (Abyss:2)
  7 golden dragons
  8 caustic shrikes (Depths:3)
  Geryon (Hell)
  2 profane servitors
  3 bone dragons
  7 Brimstone Fiends (Pan)
  3 doom hounds
  2 Tzitzimimeh
  3 tentacled monstrosities
  2 tainted leviathans (Tar:3)
  4 liches
  2 walking crystal tomes (Depths:3)
  2 Hell Sentinels (Pan)
  2 walking earthen tomes (Depths:3)
  3 quicksilver dragons
  4 titans
  Murray (Hell)
  5 sphinxes
  An eldritch tentacle (Pan)
  16 Executioners
  11 acid blobs
  Gastronok (Lair:1)
  6 shadow dragons
  2 ancient champions (Hell)
  9 tengu reavers
  A thorn hunter (Swamp:4)
  2 storm dragons (Depths:3)
  4 protean progenitors (Pan)
  A fenstrider witch (Pan)
  8 rockslimes
  A revenant (Hell)
  8 nagarajas
  A draconian monk (Depths:4)
  7 azure jellies
  An iron dragon (Vaults:5)
  A spectral caustic shrike (Tar:3)
  3 frost giants
  A spectral juggernaut (Tar:3)
  9 demonspawn warmongers (Pan)
  9 fire giants
  A draconian scorcher (Depths:4)
  9 vault wardens
  10 daevas (Pan)
  Louise (Lair:2)
  18 cacodemons
  21 balrugs
  2 curse skulls (Pan)
  A deep elf sorcerer (Vaults:5)
  7 angels
  4 formless jellyfish
  15 ironbound preservers
  19 reapers
  3 caustic shrike skeletons (Pan)
  4 spriggan defenders
  3 draconian annihilators (Pan)
  29 very ugly things
  12 ophanim
  3 ironbound thunderhulks
  6 quicksilver oozes
  3 demonspawn corrupters (Pan)
  4 demonspawn blood saints (Pan)
  10 demonspawn black suns (Pan)
  8 stone giants
  2 juggernaut skeletons (Pan)
  7 vampire knights
  3 apis (Pan)
  4 putrid mouths
  A war gargoyle (Vaults:5)
  A deep elf death mage (Vaults:5)
  A green draconian (Depths:4)
  8 lorocyprocas
  2 dire elephants (Vaults:3)
  A wendigo (Hell)
  A purple draconian (Abyss:4)
  4 spark wasps (Depths:4)
  3 red draconians (Depths:4)
  A bunyip (Swamp:4)
  4 spectral titans
  A white draconian (Depths:4)
  7 blizzard demons
  6 ettins
  A minotaur (Gauntlet)
  2 yellow draconians (Depths:4)
  An eidolon (Tar:3)
  7 green deaths
  5 fire dragons
  3 jiangshi (Depths:3)
  6 yaktaur captains
  4 entropy weavers
  2 deep elf high priests
  A spectral spriggan (Tar:1)
  23 vault guards
  4 rakshasas
  A spriggan zombie (Depths:1)
  5 ice dragons
  7 great orbs of eyes
  A peacekeeper (Vaults:4)
  5 ogre magi
  8 hydras
  A jorogumo (Pan)
  2 ghost crabs (Swamp:4)
  A juggernaut simulacrum (Hell)
  A salamander tyrant (Snake:3)
  6 anacondas
  8 centaur warriors
  An alligator (Swamp:4)
  A spectral stone giant (Tar:3)
  2 spriggan air magi (Depths:4)
  A merfolk aquamancer (Pan)
  2 dancing weapons (Abyss:4)
  An ironbound frostheart (Vaults:5)
  5 two-headed ogres
  A two-headed ogre (shapeshifter) (Vaults:5)
  3 deep troll shamans
  7 tengu warriors
  Erica (D:9)
  2 deep troll earth magi
  6 boulder beetles
  4 hell hogs (Hell)
  A sphinx skeleton (Depths:1)
  2 demonic crawlers
  2 spriggan berserkers
  2 vampire magi
  2 occultists (Depths:3)
  A spectral naga (Tar:1)
  6 thrashing horrors
  9 naga sharpshooters
  7 naga warriors
  18 hell knights
  3 shock serpents
  3 spectral emperor scorpions (Pan)
  An alligator (shapeshifter) (Vaults:5)
  2 spectral dire elephants (Tar:3)
  3 hellephant skeletons (Pan)
  40 sun demons
  9 soul eaters
  2 skysharks
  4 goliath frogs
  2 iron trolls
  3 salamander mystics
  11 cherubim
  A spriggan druid (Swamp:3)
  2 mana vipers
  14 shadow wraiths
  11 skeletal warriors
  50 deep trolls
  21 sixfirhies
  13 shadow demons
  4 flayed ghosts
  A naga ritualist (Snake:4)
  3 spectral alligators (Swamp:4)
  7 sun moths (Pan)
  4 glowing orange brains
  Pikel (D:5)
  8 arcanists
  3 bog bodies (Swamp:4)
  2 swamp dragons (Swamp:4)
  27 large abominations
  8 ironbound convokers
  2 orc knights (Vaults:5)
  A lindwurm (Vaults:4)
  4 spectral hydras
  A wolf spider zombie (D:15)
  6 necromancers
  4 harpies
  2 alligator zombies (Swamp:4)
  6 phantasmal warriors
  The ghost of Quatro the Spear-Bearer, a novice MiFi of Hepliaklqana (D:7)
  A frost giant zombie (Depths:1)
  8 cyclopes
  3 deep elf pyromancers
  40 ugly things
  A manticore (D:13)
  A faun (shapeshifter) (Vaults:5)
  2 orc sorcerers
  9 salamanders
  2 will-o-the-wisps
  A salamander (shapeshifter) (D:13)
  2 shining eyes
  A mana viper (shapeshifter) (Vaults:5)
  A meliai (D:13)
  A worldbinder (Abyss:3)
  17 black mambas
  A spectral centaur (Tar:1)
  10 vault sentinels
  A moth of wrath (D:7)
  2 centaur zombies (D:15)
  13 elephants (Lair:5)
  5 guardian serpents
  An apocalypse crab (Abyss:3)
  Joseph (D:7)
  A titan simulacrum (Hell)
  13 smoke demons
  3 naga magi
  3 rust devils
  9 cane toads
  3 rime drakes
  7 orange demons (Pan)
  An unseen horror (shapeshifter) (D:13)
  4 hellions
  4 efreet (Pan)
  4 freezing wraiths
  Maggie (D:8)
  2 swamp worm zombies (Swamp:4)
  25 yaktaurs
  An unseen horror (D:13)
  5 komodo dragons
  8 tormentors
  An anaconda simulacrum (Hell)
  4 ice devils
  A bunyip simulacrum (Hell)
  7 red devils (Pan)
  A yaktaur (shapeshifter) (Vaults:5)
  An ancient zyme (Abyss:3)
  2 spectral harpies
  A polar bear (Lair:4)
  2 silent spectres
  3 trolls
  5 hydra zombies (Swamp:4)
  3 tengu conjurers
  8 hellwings (Pan)
  7 hornets
  5 glass eyes
  Prince Ribbit (D:5)
  5 tyrant leeches
  2 tarantellas
  A jumping spider (Vaults:2)
  A jumping spider (shapeshifter) (Vaults:1)
  3 raiju
  6 dream sheep (Lair:5)
  29 blink frogs
  A spectral swamp dragon (Swamp:4)
  A spectral black mamba (Tar:1)
  58 slime creatures
  5 culicivoras
  2 shadows
  2 water elementals
  9 spriggans
  4 vampires
  5 wraiths
  3 wyverns
  46 yaks
  A dire elephant simulacrum (Hell)
  6 basilisks
  18 small abominations
  20 ynoxinuls
  4 fire bats (Pan)
  12 chaos spawn
  8 neqoxecs (Pan)
  A steam dragon (D:9)
  5 tyrant leech zombies (Swamp:4)
  6 redbacks
  A redback (shapeshifter) (Depths:2)
  14 vampire mosquitoes
  A swamp worm (shapeshifter) (Vaults:5)
  A death yak simulacrum (IceCv)
  A harpy simulacrum (Hell)
  4 swamp worms
  10 water moccasins
  An acid dragon (D:14)
  14 hell hounds
  22 nagas
  Duvessa (D:7)
  12 orc warriors
  An ice beast (shapeshifter) (Vaults:5)
  A sky beast (D:8)
  An ice beast (D:8)
  2 laughing skulls (D:14)
  2 swamp dragon zombies (Swamp:4)
  5 ogres
  3 black bears
  5 boggarts (Vaults:4)
  22 wolves
  A centaur (D:13)
  5 phantoms
  A kobold brigand (D:9)
  3 lemures (D:5)
  Blork the orc (D:5)
  A gnoll sergeant (D:7)
  16 bullfrogs
  2 elf zombies
  3 brain worms
  3 scorpions
  A bullfrog (shapeshifter) (D:13)
  An elf skeleton (D:6)
  2 cane toad simulacra (IceCv)
  4 wights (D:8)
  Dowan (D:7)
  An elephant simulacrum (IceCv)
  2 troll zombies (D:12)
  A killer bee (Lair:1)
  4 electric eels
  2 howler monkeys
  4 human zombies
  5 jellies
  A bombardier beetle (D:4)
  2 hounds
  8 orc priests
  2 sleepcaps
  13 orc wizards
  4 iguanas
  Natasha (D:2)
  3 polar bear simulacra (IceCv)
  A tengu simulacrum (Depths:1)
  6 hell rats (Hell)
  2 spriggan simulacra
  3 wolf simulacra (IceCv)
  3 ogre zombies (D:12)
  5 hound zombies (Ossuary)
  2 mummies (Ossuary)
  4 adders
  8 gnolls
  A naga simulacrum (IceCv)
  5 white imps
  5 ufetubi
  2 adder zombies (Ossuary)
  A ribbon worm (D:2)
  2 dart slugs
  40 orcs
  3 ball pythons
  2 endoplasms
  A giant cockroach (D:1)
  8 gnoll zombies
  4 goblins (D:1)
  3 quokkas
  5 bats
  A frilled lizard (D:1)
  4 gnoll skeletons (D:12)
  7 jackal zombies (Ossuary)
  8 kobolds
  10 kobold zombies (Ossuary)
  3 orc skeletons
  14 orc zombies
  6 rats
  A butterfly (Lair:5)
1836 creatures vanquished.

Vanquished Creatures (collateral kills)
  A lich (Vaults:5)
  An acid blob (Slime:5)
  A vault warden (Vaults:5)
  A vault guard (Vaults:5)
4 creatures vanquished.

Vanquished Creatures (others)
  A rockslime (Slime:5)
  A sun demon (Hell)
  2 orange demons (Pan)
  A smoke demon (Pan)
  3 bloated husks
  A ynoxinul (Pan)
  A hydra simulacrum (Hell)
  An orc warrior (D:7)
  7 phantoms (Swamp:4)
  3 ball lightnings (Pan)
  18 foxfires
  6 starspawn tentacles
45 creatures vanquished.

Grand Total: 1885 creatures vanquished

Notes
Turn   | Place    | Note
-------+----------+-------------------------------------------
     0 | D:1      | Biggs the Vine Stalker Brigand began the quest for the Orb.
     0 | D:1      | Reached XP level 1. HP: 11/11 MP: 2/2
   129 | D:1      | Reached XP level 2. HP: 15/15 MP: 1/3
   339 | D:2      | Reached XP level 3. HP: 18/18 MP: 4/4
   433 | D:2      | Found Veleig's Antique Armour Emporium.
   534 | D:2      | Noticed Natasha
   546 | D:2      | Killed Natasha
   547 | D:2      | Reached XP level 4. HP: 23/23 MP: 5/5
   653 | D:3      | Found a runed translucent door.
   656 | D:3      | Found a basalt altar of Yredelemnul.
   658 | D:3      | Noticed gribnar's ghost (weakling DESu)
   688 | D:3      | Found a runed translucent door.
   840 | D:3      | Found a faded altar of an unknown god.
  1162 | D:4      | Reached XP level 5. HP: 26/26 MP: 6/6
  1202 | D:4      | Noticed an ogre
  1222 | D:4      | Found a radiant altar of Vehumet.
  1278 | D:4      | Reached skill level 5 in Short Blades
  1421 | D:4      | Found a shadowy altar of Dithmenos.
  1465 | D:5      | Entered Level 5 of the Dungeon
  1466 | D:5      | Noticed a lemure
  1467 | D:5      | Noticed Pikel
  1527 | D:5      | Noticed an ogre
  1702 | D:5      | Reached XP level 6. HP: 30/30 MP: 7/7
  1821 | D:5      | Noticed Blork the orc
  1823 | D:5      | Noticed Prince Ribbit
  1865 | D:5      | Killed Prince Ribbit
  1866 | D:5      | Reached XP level 7. HP: 27/34 MP: 8/8
  1923 | D:5      | Killed Blork the orc
  2040 | D:5      | Gained mutation: You have razor-sharp teeth. [Vine Stalker
                  | growth]
  2040 | D:5      | Reached XP level 8. HP: 30/38 MP: 9/9
  2144 | D:5      | Killed Pikel
  2403 | D:6      | Reached skill level 10 in Short Blades
  2480 | D:6      | Found a sand-covered staircase.
  2489 | D:6      | Reached XP level 9. HP: 44/44 MP: 10/10
  2492 | Ossuary  | Entered an ossuary
  2880 | D:6      | Noticed jfitz's ghost (novice MiBe)
  2883 | D:6      | Found a runed translucent door.
  2945 | D:6      | Reached skill level 5 in Fighting
  2945 | D:6      | Reached skill level 1 in Dodging
  3094 | D:6      | Found a staircase to the Ecumenical Temple.
  3103 | Temple   | Entered the Ecumenical Temple
  3113 | Temple   | Became a worshipper of the Wu Jian Council
  3197 | D:7      | Noticed Dowan
  3330 | D:7      | Noticed Joseph
  3363 | D:7      | Killed Joseph
  3363 | D:7      | Noticed Duvessa
  3427 | D:6      | Reached XP level 10. HP: 51/51 MP: 11/11
  3570 | D:7      | Reached * piety under Wu Jian
  3640 | D:7      | Found a bloodstained altar of Trog.
  3640 | D:7      | Noticed Quatro's ghost (novice MiFi)
  3649 | D:7      | Noticed a moth of wrath
  3657 | D:7      | Found a transporter.
  3659 | D:7      | Found a transporter.
  3730 | D:7      | Killed Duvessa
  3732 | D:7      | Killed Dowan
  3856 | D:8      | Noticed Maggie
  3884 | D:8      | Killed Maggie
  3885 | D:8      | Reached skill level 10 in Stealth
  3992 | D:8      | Reached skill level 1 in Shapeshifting
  4148 | D:9      | Found Osoxke's Assorted Antiques.
  4152 | D:9      | Bought a scroll labelled DENAIL OXZOCSO for 25 gold pieces
  4152 | D:9      | Bought a pair of twisted boots for 237 gold pieces
  4152 | D:9      | Identified the +0 pair of boots of Whack-A-Mole {Str+3
                  | Dex+2} (You bought it in a shop on level 9 of the Dungeon)
  4197 | D:9      | Reached skill level 2 in Shapeshifting
  4324 | D:9      | Found a broken altar of Ashenzari.
  4329 | D:9      | Found a snail-covered altar of Cheibriados.
  4467 | D:9      | Found a burning altar of Makhleb.
  4473 | D:9      | Noticed Erica
  4481 | D:9      | Killed Erica
  4482 | D:9      | Reached skill level 4 in Shapeshifting
  4502 | D:9      | Found a shimmering altar of Xom.
  4630 | D:10     | Entered Level 10 of the Dungeon
  4806 | D:10     | Found a staircase to the Lair.
  4813 | D:10     | Identified the +0 trident of Muikaik {freeze, rElec rC+
                  | Will+}
  4813 | D:10     | Noticed a red ugly thing
  4825 | Lair:1   | Entered Level 1 of the Lair of Beasts
  4843 | Lair:1   | Reached ** piety under Wu Jian
  4845 | Lair:1   | Noticed Gastronok
  4851 | Lair:1   | Killed Gastronok
  4852 | Lair:1   | Reached skill level 6 in Shapeshifting
  4852 | Lair:1   | Reached XP level 11. HP: 20/55 MP: 7/12
  4900 | Lair:1   | Reached skill level 7 in Shapeshifting
  4913 | Lair:1   | Found a frozen archway.
  4947 | IceCv    | Entered an ice cave
  5129 | IceCv    | Noticed a white ugly thing
  5178 | IceCv    | Killed a white ugly thing
  5179 | IceCv    | Reached skill level 8 in Shapeshifting
  5405 | Lair:1   | HP: 2/55 [ice devil (5)]
  5611 | Lair:1   | Reached skill level 9 in Shapeshifting
  5723 | Lair:1   | Reached skill level 10 in Shapeshifting
  5734 | Lair:1   | Reached *** piety under Wu Jian
  5852 | Lair:1   | Reached XP level 12. HP: 60/60 MP: 13/13
  5871 | Lair:1   | Reached skill level 11 in Shapeshifting
  6114 | Lair:2   | Found a staircase to the Snake Pit.
  6155 | Lair:2   | Noticed a skyshark
  6185 | Lair:2   | Killed a skyshark
  6186 | Lair:2   | Reached skill level 12 in Shapeshifting
  6488 | Lair:2   | Reached **** piety under Wu Jian
  6528 | Lair:2   | Reached skill level 13 in Shapeshifting
  6534 | Lair:2   | Found a transporter.
  6677 | Lair:2   | Found a transporter.
  6722 | Lair:3   | Found a staircase to the Swamp.
  6771 | Lair:3   | Found a gate leading to a gauntlet.
  6794 | Gauntlet | Entered a Gauntlet
  6794 | Gauntlet | Found a transporter.
  6800 | Gauntlet | Noticed a death scarab
  6806 | Gauntlet | Found a transporter.
  6818 | Gauntlet | Found a transporter.
  6828 | Gauntlet | Found a transporter.
  6834 | Gauntlet | Found a transporter.
  6849 | Gauntlet | Found a transporter.
  6868 | Gauntlet | Found a transporter.
  6876 | Gauntlet | Found a large runed translucent door.
  6877 | Gauntlet | Found a large runed translucent door.
  6878 | Gauntlet | Found a large runed translucent door.
  6878 | Gauntlet | Found a large runed translucent door.
  6879 | Gauntlet | Found a runed translucent gate.
  6880 | Gauntlet | Found a transporter.
  6880 | Gauntlet | Found a runed translucent gate.
  6881 | Gauntlet | Found a runed translucent gate.
  6882 | Gauntlet | Found a large runed translucent door.
  6882 | Gauntlet | Found a large runed translucent door.
  6883 | Gauntlet | Found a large runed translucent door.
  6884 | Gauntlet | Found a large runed translucent door.
  6892 | Gauntlet | Found a transporter.
  6904 | Gauntlet | Found a transporter.
  6916 | Gauntlet | Found a transporter.
  6933 | Gauntlet | Found a transporter.
  6950 | Gauntlet | Found a transporter.
  6952 | Gauntlet | Found a transporter.
  6954 | Gauntlet | Noticed a tengu warrior
  6984 | Gauntlet | Found the macabre finger necklace {Finger+ rN+}
  6984 | Gauntlet | Found a transporter.
  7005 | Gauntlet | Reached skill level 14 in Shapeshifting
  7035 | Gauntlet | Found a transporter.
  7049 | Gauntlet | Reached XP level 13. HP: 56/63 MP: 14/14
  7049 | Gauntlet | Found a large runed translucent door.
  7049 | Gauntlet | Found a large runed translucent door.
  7067 | Gauntlet | Found a large runed translucent door.
  7067 | Gauntlet | Found a large runed translucent door.
  7070 | Gauntlet | Found a transporter.
  7075 | Gauntlet | Found a transporter.
  7081 | Gauntlet | Found a large runed translucent door.
  7081 | Gauntlet | Found a large runed translucent door.
  7081 | Gauntlet | Found a runed translucent door.
  7081 | Gauntlet | Found a runed translucent door.
  7083 | Gauntlet | Found a large runed translucent door.
  7084 | Gauntlet | Found a large runed translucent door.
  7164 | Gauntlet | Identified the amulet of the Peculiar Friars {rPois
                  | RegenMP+}
  7175 | Gauntlet | Identified the +4 quarterstaff "Fualehat" {antimagic, rC+
                  | Dex+4}
  7175 | Gauntlet | Noticed a minotaur
  7193 | Gauntlet | Killed a minotaur
  7197 | Gauntlet | Identified the +0 leather armour of the Neverending Souls
                  | {rC+ Int+2}
  7421 | Lair:4   | Found a staircase to the Slime Pits.
  7421 | Lair:4   | Found a viscous altar of Jiyva.
  7561 | D:10     | Reached skill level 15 in Shapeshifting
  7692 | D:7      | Killed Quatro's ghost
  8055 | Lair:5   | Entered Level 5 of the Lair of Beasts
  8217 | Lair:5   | Reached skill level 16 in Shapeshifting
  8261 | Lair:5   | Reached ***** piety under Wu Jian
  8262 | Lair:5   | Reached skill level 1 in Shields
  8422 | Lair:5   | Reached skill level 5 in Shields
  8437 | Lair:5   | Reached XP level 14. HP: 69/69 MP: 15/15
  8896 | Lair:5   | Found a corrupted altar of Lugonu.
  8896 | Lair:5   | Found a one-way gate to the infinite horrors of the Abyss.
  8906 | Lair:5   | Got an earthy gem with 333 turns to spare
  8998 | Lair:4   | Identified a scroll of acquirement
  9002 | Lair:4   | Acquired the +8 quick blade of Shame {pain, rC++}
  9104 | Swamp:1  | Entered Level 1 of the Swamp
  9220 | Swamp:4  | Entered Level 4 of the Swamp
  9308 | Swamp:4  | Noticed a thorn hunter
  9312 | Swamp:4  | Reached XP level 15. HP: 70/73 MP: 16/16
  9316 | Swamp:4  | Killed a thorn hunter
  9441 | Swamp:4  | Noticed a bone dragon
  9471 | Swamp:4  | Killed a bone dragon
  9481 | Swamp:4  | Got a mossy gem with 1242 turns to spare
  9483 | Swamp:4  | Got a decaying rune of Zot
  9642 | Snake:1  | Entered Level 1 of the Snake Pit
  9642 | Snake:1  | Noticed Louise
  9652 | Lair:2   | Killed Louise
  9729 | Snake:3  | Noticed Vashnia
  9739 | Snake:3  | Reached skill level 10 in Fighting
  9839 | Snake:3  | Killed Vashnia
 10195 | Snake:3  | Reached XP level 16. HP: 85/85 MP: 17/17
 10246 | Snake:4  | Entered Level 4 of the Snake Pit
 10248 | Snake:4  | Noticed Saint Roka
 10268 | Snake:4  | Banished Saint Roka
 10273 | Snake:4  | Reached skill level 10 in Shields
 10312 | Snake:4  | Noticed a nagaraja
 10317 | Snake:4  | Killed a nagaraja
 10321 | Snake:4  | Noticed a nagaraja
 10330 | Snake:4  | Killed a nagaraja
 10341 | Snake:4  | Noticed a nagaraja
 10341 | Snake:4  | Noticed a nagaraja
 10342 | Snake:4  | Noticed a nagaraja
 10346 | Snake:4  | Killed a nagaraja
 10349 | Snake:4  | Killed a nagaraja
 10352 | Snake:4  | Killed a nagaraja
 10366 | Snake:4  | Noticed a nagaraja
 10367 | Snake:4  | Found an iron altar of Okawaru.
 10371 | Snake:4  | Banished a nagaraja
 10378 | Snake:4  | Got a jade gem with 1344 turns to spare
 10389 | Snake:4  | Got a serpentine rune of Zot
 10913 | D:12     | Found a staircase to the Orcish Mines.
 11410 | D:14     | Reached XP level 17. HP: 89/89 MP: 14/18
 11426 | D:15     | Entered Level 15 of the Dungeon
 11606 | D:15     | Found a staircase to the Depths.
 11667 | D:15     | Got a smoky gem with 2879 turns to spare
 11914 | D:13     | Found a runed translucent door.
 11914 | D:13     | Found a runed translucent door.
 11914 | D:13     | Found a runed translucent door.
 12113 | D:13     | Reached skill level 15 in Shields
 12129 | D:13     | Reached ****** piety under Wu Jian
 12130 | D:13     | Reached skill level 5 in Dodging
 12260 | D:13     | Identified the ring of Ru's Inspiration {rElec rF+ Str+5
                  | SInv}
 12270 | D:13     | Identified the ring of the Thistle {^Drain Fly rCorr Int+6}
 12274 | D:13     | Identified the ring "Hoeteon" {Fly rF+ SInv}
 12394 | D:13     | Found a gate to the Vaults.
 12416 | Vaults:1 | Entered Level 1 of the Vaults
 12601 | Vaults:1 | You are sucked into a shaft and drop 1 floor!
 12658 | Vaults:2 | Found Woyvue's Antique Weapon Shop.
 12658 | Vaults:2 | Found Xoeh's Magic Scroll Emporium.
 12667 | Vaults:2 | Reached XP level 18. HP: 93/93 MP: 19/19
 12677 | Vaults:2 | Bought a slimy short sword for 176 gold pieces
 12677 | Vaults:2 | Identified the +5 short sword of True Grit {flame, Int+4}
                  | (You bought it in a shop on level 2 of the Vaults)
 12684 | Vaults:2 | Bought a scroll of identify for 30 gold pieces
 12684 | Vaults:2 | Bought a scroll of identify for 30 gold pieces
 12684 | Vaults:2 | Bought a scroll of identify for 30 gold pieces
 12684 | Vaults:2 | Bought a scroll of identify for 30 gold pieces
 12787 | Vaults:3 | Identified the storm talisman of Ureuniuw {rF- Slay+6 SInv}
 12787 | Vaults:3 | Noticed Sojobo
 12827 | Vaults:2 | Found Wogarul's Jewellery Shop.
 13313 | Vaults:3 | Paralysed by an air elemental for 1 turns
 13321 | Vaults:3 | Reached skill level 15 in Stealth
 13331 | Vaults:3 | Killed Sojobo
 13500 | Vaults:4 | Found Teck's Distillery.
 13508 | Vaults:4 | Bought a potion of resistance for 180 gold pieces
 13508 | Vaults:4 | Bought 2 potions of invisibility for 288 gold pieces
 13508 | Vaults:4 | Bought a potion of invisibility for 144 gold pieces
 13508 | Vaults:4 | Bought a potion of cancellation for 144 gold pieces
 13570 | Vaults:4 | Found Kitwufonyrph's Jewellery Emporium.
 13597 | Vaults:4 | Paralysed by a sphinx for 2 turns
 13670 | Vaults:4 | Reached XP level 19. HP: 102/102 MP: 20/20
 13889 | Vaults:5 | Entered Level 5 of the Vaults
 13911 | Vaults:5 | Noticed a golden dragon
 13918 | Vaults:5 | Noticed a tentacled monstrosity
 13964 | Vaults:5 | Noticed a tentacled monstrosity
 13975 | Vaults:5 | Banished a tentacled monstrosity
 14006 | Vaults:5 | Noticed a dread lich
 14013 | Vaults:5 | Killed a dread lich
 14125 | Vaults:5 | Reached skill level 15 in Fighting
 14165 | Vaults:5 | Identified the +1 robe of the Old World {Regen+ Int+3}
 14167 | Vaults:5 | Identified the ring "Nuem" {+Blink rElec rC+ rN+ Str-4}
 14183 | Vaults:5 | Noticed a tentacled monstrosity
 14223 | Vaults:5 | Reached skill level 10 in Dodging
 14225 | Vaults:5 | Identified the +5 quarterstaff of Golden Courage
                  | {antimagic, Dex+5}
 14242 | Vaults:5 | Killed a golden dragon
 14400 | Vaults:5 | Reached XP level 20. HP: 113/113 MP: 21/21
 14507 | Vaults:5 | Identified the +0 chain mail of the Forgotten Invaders
                  | {-Cast Rampage rPois}
 14585 | Vaults:5 | Identified the +8 falchion of Wounding {vamp, rN+ Str+4
                  | Int+4}
 14777 | Vaults:5 | Got the Parchment of Accomplices and Cryomancy
 14781 | Vaults:5 | Found the +3 pair of gauntlets of War {Slay+5}
 14783 | Vaults:5 | Got Vehumet's Secrets of the Shot
 14789 | Vaults:5 | Identified the +5 kite shield "Eptowkao" {rCorr}
 14808 | Vaults:5 | Identified the +1 ring mail "Dokij" {rC++ rN++ Dex-5}
 14837 | Vaults:5 | Identified the +6 scale mail of Vermicelli {rN+ Str+2}
 14996 | Vaults:5 | Reached skill level 1 in Evocations
 15044 | Vaults:5 | Got a shining gem with 96 turns to spare
 15130 | Vaults:5 | Identified the staff "Asaim" {rN+ MP+9 Str+3 Necro}
 15199 | Vaults:5 | Reached skill level 5 in Evocations
 15335 | Vaults:5 | Got a silver rune of Zot
 16138 | Slime:1  | Entered Level 1 of the Pits of Slime
 16221 | Slime:3  | Noticed Dissolution
 16222 | Slime:3  | Killed Dissolution
 16223 | Slime:3  | Reached XP level 21. HP: 111/117 MP: 22/22
 16233 | Slime:3  | Gained mutation: You are clumsy. (Dex -2) [a shining eye]
 16273 | Slime:4  | Reached skill level 10 in Evocations
 16327 | Slime:5  | Entered Level 5 of the Pits of Slime
 16358 | Slime:5  | Found a viscous altar of Jiyva.
 16358 | Slime:5  | Noticed the Royal Jelly
 16451 | Slime:5  | Killed the Royal Jelly
 16534 | Slime:5  | Identified the +1 long sword "Wieripso" {drain, Int+4}
 16605 | Slime:5  | Identified the +0 morningstar of Fate {heavy, Int+5 Dex+3}
 16616 | Slime:5  | Identified the +7 crystal plate armour of Greater Demons
                  | {Dex+2 Stlth+}
 16617 | Slime:5  | Identified the +3 buckler of the Raven {Str+3}
 16634 | Slime:5  | Found the +10 zealot's sword {holy, Zealotry, *Rage rN+
                  | EV+3}
 16648 | Slime:5  | Got the Catalogue of Rotation
 16668 | Slime:5  | Got the Precepts of Ironbound Ashes
 16681 | Slime:5  | Got the Codex of Phantasmal Shifting
 16683 | Slime:5  | Got a slimy rune of Zot
 16685 | Slime:5  | Got the Discursus on Metamorphic Silt
 17091 | D:14     | Acquired a talisman of death
 17111 | D:15     | Reached skill level 1 in Long Blades
 17179 | Depths:1 | Entered Level 1 of the Depths
 17366 | Depths:1 | Gained mutation: You sometimes lose your temper in combat.
                  | [mutagenic glow]
 17375 | Depths:1 | Found a portal to a secret trove of treasure.
 17465 | Depths:1 | Noticed a golden dragon
 17475 | Depths:1 | Killed a golden dragon
 17503 | Depths:1 | Reached skill level 5 in Long Blades
 17519 | Depths:1 | Found a shadowy altar of Dithmenos.
 17617 | Depths:2 | Found Wehafyeng's Distillery.
 17619 | Depths:2 | Found Qeyhel's General Store.
 17622 | Depths:2 | Found Kiokug's Book Boutique.
 17627 | Depths:2 | Bought a potion of haste for 170 gold pieces
 17627 | Depths:2 | Bought a potion of resistance for 170 gold pieces
 17627 | Depths:2 | Bought a potion of might for 68 gold pieces
 17627 | Depths:2 | Bought a potion of might for 68 gold pieces
 17627 | Depths:2 | Bought a potion of cancellation for 136 gold pieces
 17751 | Depths:2 | Found the ring of Shadows {Umbra +Inv Stlth+}
 17769 | Depths:2 | Found the +0 cloak of the Thief {Quiet Slay-3 SInv Stlth+}
 17770 | Depths:2 | Found a shadowy altar of Dithmenos.
 17785 | Depths:2 | Reached XP level 22. HP: 121/121 MP: 23/23
 17896 | Depths:2 | Found a one-way gate leading to the halls of Pandemonium.
 18115 | Depths:3 | Noticed a caustic shrike
 18115 | Depths:3 | Noticed a caustic shrike
 18115 | Depths:3 | Noticed a caustic shrike
 18115 | Depths:3 | Noticed a caustic shrike
 18115 | Depths:3 | Noticed a caustic shrike
 18126 | Depths:3 | Killed a caustic shrike
 18143 | Depths:3 | Killed a caustic shrike
 18143 | Depths:3 | Reached skill level 10 in Long Blades
 18143 | Depths:3 | Killed a caustic shrike
 18148 | Depths:3 | Killed a caustic shrike
 18149 | Depths:3 | Killed a caustic shrike
 18259 | Depths:3 | Noticed a caustic shrike
 18259 | Depths:3 | Noticed a golden dragon
 18259 | Depths:3 | Noticed a caustic shrike
 18266 | Depths:3 | Noticed a caustic shrike
 18269 | Depths:3 | Killed a caustic shrike
 18272 | Depths:3 | Killed a caustic shrike
 18275 | Depths:3 | Killed a caustic shrike
 18288 | Depths:3 | Killed a golden dragon
 18342 | Depths:3 | Identified the ring of Jioh {Wiz Dex+3}
 18582 | Depths:1 | You paid a toll of +3 storm dragon scales to enter a
                  | treasure trove
 18583 | Trove    | Entered a treasure trove
 18593 | Trove    | Identified the +2 pair of boots of Prudence {Rampage ^Drain
                  | rPois rF++}
 18606 | Trove    | Identified the scarf "Kauras" {harm, Str+4}
 18615 | Trove    | Identified the +5 kite shield of Beuwoyh {rC+ Will+}
 18743 | Depths:2 | Reached skill level 17 in Shapeshifting
 18766 | Depths:2 | Lost mutation: You are clumsy. (Dex -2) [potion of
                  | mutation]
 18766 | Depths:2 | Lost mutation: You sometimes lose your temper in combat.
                  | [potion of mutation]
 18766 | Depths:2 | Gained mutation: You occasionally lose the ability to read
                  | scrolls when taking damage. [potion of mutation]
 18766 | Depths:2 | Gained mutation: You are vulnerable to heat. (rF-) [potion
                  | of mutation]
 18766 | Depths:2 | Gained mutation: You occasionally lose the ability to drink
                  | potions when taking damage. [potion of mutation]
 18766 | Depths:2 | Gained mutation: You have a pair of small horns on your
                  | head. [potion of mutation]
 18767 | Depths:2 | Lost mutation: You occasionally lose the ability to read
                  | scrolls when taking damage. [potion of mutation]
 18767 | Depths:2 | Lost mutation: You have a pair of small horns on your head.
                  | [potion of mutation]
 18767 | Depths:2 | Lost mutation: You occasionally lose the ability to drink
                  | potions when taking damage. [potion of mutation]
 18767 | Depths:2 | Gained mutation: You are agile. (Dex +4, Str/Int -1)
                  | [potion of mutation]
 18767 | Depths:2 | Gained mutation: You passively map a small area around you.
                  | [potion of mutation]
 18768 | Depths:2 | Lost mutation: You are agile. (Dex +4, Str/Int -1) [potion
                  | of mutation]
 18768 | Depths:2 | Lost mutation: You are vulnerable to heat. (rF-) [potion of
                  | mutation]
 18768 | Depths:2 | Gained mutation: You have supernaturally acute eyesight.
                  | (SInv) [potion of mutation]
 18768 | Depths:2 | Gained mutation: You have sharp fingernails. [potion of
                  | mutation]
 18768 | Depths:2 | Gained mutation: Your muscles are strong. (Str +4, Int/Dex
                  | -1) [potion of mutation]
 18858 | Pan      | Entered the realm of Mnoleg.
 18858 | Pan      | Entered Pandemonium
 18896 | Pan      | Gained mutation: You are dopey. (Int -2) [a cacodemon]
 18905 | Pan      | Gained mutation: Your magical capacity is low. (-10% MP) [a
                  | cacodemon]
 19010 | Pan      | Gained mutation: You have hidden genetic defects. [a
                  | cacodemon]
 19012 | Pan      | Gained mutation: You sometimes lose your temper in combat.
                  | [a cacodemon]
 19014 | Pan      | Gained mutation: You are frail. (-10% HP) [a neqoxec]
 19032 | Pan      | Gained mutation: You occasionally lose the ability to read
                  | scrolls when taking damage. [a cacodemon]
 19336 | Pan      | Gained mutation: You are very dopey. (Int -4) [a neqoxec]
 19395 | Pan      | Reached skill level 18 in Shapeshifting
 19402 | Pan      | Reached XP level 23. HP: 113/113 MP: 21/21
 19415 | Pan      | Noticed Mnoleg
 19424 | Pan      | Gained mutation: You are occasionally teleported next to
                  | monsters. [hidden defects]
 19431 | Pan      | Gained mutation: Your body sometimes deteriorates upon
                  | taking damage. [a cacodemon]
 19443 | Pan      | Lost mutation: Your muscles are strong. (Str +4, Int/Dex
                  | -1) [a cacodemon]
 19448 | Pan      | Got a glowing rune of Zot
 19460 | Pan      | Lost mutation: You passively map a small area around you.
                  | [potion of mutation]
 19460 | Pan      | Lost mutation: You are frail. (-10% HP) [potion of
                  | mutation]
 19460 | Pan      | Gained mutation: You have a pair of small horns on your
                  | head. [potion of mutation]
 19461 | Pan      | Lost mutation: Your magical capacity is low. (-10% MP)
                  | [potion of mutation]
 19461 | Pan      | Lost mutation: You occasionally lose the ability to read
                  | scrolls when taking damage. [potion of mutation]
 19461 | Pan      | Lost mutation: You are occasionally teleported next to
                  | monsters. [potion of mutation]
 19461 | Pan      | Gained mutation: You have large cloven feet. [potion of
                  | mutation]
 19483 | Pan      | Lost mutation: You have sharp fingernails. [potion of
                  | mutation]
 19483 | Pan      | Lost mutation: You have supernaturally acute eyesight.
                  | (SInv) [potion of mutation]
 19483 | Pan      | Gained mutation: Your spells are a little easier to cast,
                  | but a little less powerful. [potion of mutation]
 19483 | Pan      | Gained mutation: You expend magic power (3 MP) to
                  | strengthen your wands. [potion of mutation]
 19484 | Pan      | Lost mutation: Your spells are a little easier to cast, but
                  | a little less powerful. [potion of mutation]
 19484 | Pan      | Lost mutation: You sometimes lose your temper in combat.
                  | [potion of mutation]
 19484 | Pan      | Lost mutation: You are very dopey. (Int -4) [potion of
                  | mutation]
 19484 | Pan      | Gained mutation: You are agile. (Dex +4, Str/Int -1)
                  | [potion of mutation]
 19484 | Pan      | Gained mutation: You are strong-willed. (Will+) [potion of
                  | mutation]
 19745 | Pan      | Noticed Emari the pandemonium lord
 19919 | Pan      | Noticed Mnoleg
 19932 | Pan      | Killed Mnoleg
 19951 | Pan      | Gained mutation: You occasionally lose the ability to drink
                  | potions when taking damage. [hidden defects]
 19951 | Pan      | Lost mutation: You have hidden genetic defects. [hidden
                  | defects expressed]
 20155 | Pan      | Reached skill level 19 in Shapeshifting
 20658 | Pan      | Gained mutation: Armour fits poorly on your strangely
                  | shaped body. [a cacodemon]
 20810 | Pan      | Noticed Ranoth the pandemonium lord
 21041 | Pan      | Found a glowing silver altar of Zin.
 21168 | Pan      | Reached skill level 20 in Shapeshifting
 21228 | Pan      | Found a glowing golden altar of the Shining One.
 21228 | Pan      | Noticed a seraph
 21236 | Pan      | Identified the amulet of Grontol {Regen+ Dex+3}
 21662 | Pan      | Killed a seraph
 21681 | Pan      | Identified the +12 quick blade "Jownuaji" {antimagic, rC+}
 21686 | Pan      | Got a demonic rune of Zot
 21691 | Pan      | Identified the staff "Nuareups" {rN+ MP+9 Str+3 Stlth+
                  | Necro}
 21888 | Pan      | Reached skill level 21 in Shapeshifting
 21891 | Pan      | Reached XP level 24. HP: 130/131 MP: 8/24
 22049 | Pan      | Gained mutation: Your magical capacity is low. (-10% MP) [a
                  | cacodemon]
 22134 | Pan      | Gained mutation: You sometimes lose your temper in combat.
                  | [a cacodemon]
 22413 | Pan      | Lost mutation: You are agile. (Dex +4, Str/Int -1) [a
                  | cacodemon]
 22461 | Pan      | Noticed Mennas
 22488 | Pan      | Killed Mennas
 22515 | Pan      | Entered the realm of Lom Lobon.
 22600 | Pan      | Reached skill level 22 in Shapeshifting
 22712 | Pan      | Noticed Lom Lobon
 22734 | Pan      | Killed Lom Lobon
 22788 | Pan      | Got a magical rune of Zot
 22895 | Pan      | Entered the realm of Cerebov.
 22904 | Pan      | Identified the +3 scimitar of the Equinox {speed, rPois rC+
                  | rCorr}
 22916 | Pan      | Got Sif Muna's Disquisition on Cinders and Imprecation
 23107 | Pan      | Reached skill level 23 in Shapeshifting
 23109 | Pan      | Found the +6 sword of Cerebov {flame}
 23109 | Pan      | Noticed Cerebov
 23154 | Pan      | Found an exit through the horrors of the Abyss.
 23328 | Pan      | Killed Cerebov
 23372 | Pan      | Got a fiery rune of Zot
 23464 | Pan      | Reached XP level 25. HP: 137/137 MP: 21/21
 23584 | Pan      | Found an exit through the horrors of the Abyss.
 23739 | Pan      | Noticed Burehuc the pandemonium lord
 23752 | Pan      | Killed Burehuc the pandemonium lord
 23757 | Pan      | Identified the ring "Vojumukk" {Ice rN+ Str+4 Slay+2}
 23779 | Pan      | Entered the realm of Gloorx Vloq.
 23971 | Pan      | Noticed Gloorx Vloq
 23976 | Pan      | Killed Gloorx Vloq
 23989 | Pan      | Got a dark rune of Zot
 24200 | Depths:2 | Escaped Pandemonium
 24256 | Depths:2 | Found a gateway to Hell.
 24341 | Depths:4 | Entered Level 4 of the Depths
 24505 | Depths:4 | Found a gate to the Realm of Zot.
 24526 | Depths:4 | Got a midnight gem with 250 turns to spare
 24611 | Depths:4 | Found Lusmogot's Book Boutique.
 24639 | Depths:4 | Found Mualawit's Jewellery Emporium.
 24640 | Depths:4 | Found Jofoaw's Book Boutique.
 25017 | Depths:4 | Reached skill level 1 in Armour
 25017 | Depths:4 | Reached XP level 26. HP: 151/152 MP: 21/21
 25197 | Depths:3 | Voluntarily entered the Abyss.
 25284 | Abyss:2  | Killed Saint Roka
 25482 | Abyss:3  | Found a corrupted altar of Lugonu.
 25518 | Abyss:3  | Found a corrupted altar of Lugonu.
 25540 | Abyss:4  | Found a corrupted altar of Lugonu.
 25549 | Abyss:4  | Found a corrupted altar of Lugonu.
 25628 | Abyss:4  | Reached skill level 5 in Armour
 25649 | Abyss:4  | Found a glowing golden altar of the Shining One.
 25694 | Abyss:4  | Noticed a juggernaut
 25701 | Abyss:4  | Killed a juggernaut
 25704 | Abyss:4  | Got an abyssal rune of Zot
 25707 | Depths:3 | Escaped the Abyss
 25764 | Hell     | Entered the Vestibule of Hell
 25764 | Hell     | Noticed Geryon
 25777 | Hell     | Killed Geryon
 25829 | Hell     | Noticed Murray
 25855 | Hell     | Killed Murray
 25866 | Hell     | Found a gateway to the decaying netherworld of Tartarus.
 25878 | Tar:1    | Entered Level 1 of Tartarus
 26168 | Tar:2    | Reached skill level 10 in Armour
 26438 | Tar:5    | Killed from afar by a Tzitzimitl

Illustrated notes

Levels and vault maps discovered:
D:1:      hellmonk_arrival_library, layout_loops_ring, minmay_pentomino_u4
D:2:      layout_loops_ring, serial_shops, nicolae_shop_overgrown_old_shop,
          minmay_strange_pillars, nrook_uturn, uniq_natasha
D:3:      layout_loops_cross, mainiacjoe_overflow_tiny_flanked,
          ebering_ecumenical_altar_box, ebering_ghost_sewer_f, uniq_ijyb
D:4:      layout_cave_pools, mainiacjoe_overflow_small_starburst,
          mainiacjoe_overflow_cross_hatched
D:5:      layout_cave_pools, mainiacjoe_overflow_24_doors,
          chequers_serial_rivers_small_a, kennysheep_generic_room_9,
          uniq_prince_ribbit1, uniq_blork_the_orc, uniq_pikel
D:6:      layout_rooms, temple_hall, hellmonk_ghost_happy_afterlife,
          nicolae_ossuary_entry_catacombs
D:7:      layout_cave_pools, gammafunk_ghost_wrathful_warriors, uniq_duvessa,
          uniq_joseph
D:8:      nicolae_moon_pools, layout_cave_pools, uniq_maggie
D:9:      layout_basic, led_xom_imps, amethyst_overflow_temple_binary,
          lightli_temple_of_fire, serial_shops, shop, minivault_4,
          minmay_fountain_box, nicolae_elevator_lobby_plus, uniq_erica
D:10:     minmay_imperfect_grid, layout_irregular_city, lair_entry_dummy,
          serial_bayou, serial_bayou_pond_b, serial_bayou_pond_c,
          serial_bayou_crossing, serial_bayou_pond_d, minivault_4
D:11:     layout_roguey, serial_library_hellmonk_small_corner
D:12:     layout_roguey, zombieorc1_lemuel, serial_shops,
          nicolae_shop_hallway_plus
D:13:     minmay_the_grid_triangle_9x9_rhombus_full
          [minmay_the_grid_triangle_9x9_cache,
          minmay_the_grid_triangle_9x9_minimal,
          minmay_the_grid_triangle_9x9_zippers_vertical,
          minmay_the_grid_triangle_9x9_fully_insulated_deathbox,
          minmay_the_grid_triangle_9x9_sparse_checkered,
          minmay_the_grid_triangle_9x9_alien,
          minmay_the_grid_triangle_9x9_steps,
          minmay_the_grid_triangle_9x9_prize_special], layout_rooms,
          david_vaults_2, kennysheep_just_a_vault
D:14:     layout_basic, lemuel_zombie_altar_yredelemnul
D:15:     grunt_enter_depths_giant_problem, layout_irregular_city,
          serial_undead, serial_undead_e, serial_undead_e, serial_undead_c,
          serial_undead_a, serial_undead_c, serial_undead_b, serial_undead_d,
          serial_undead_d, nzn_wu_jian_council_hall, okawaru_altar_gauntlet_db
Temple:   nicolae_temple_bog_church
Lair:1:   layout_chaotic_city, portal_ice_cave_entry_pillars_2, st_stairs_5,
          uniq_gastronok
Lair:2:   gammafunk_cloud_chamber, layout_cave_shapes,
          guppyfry_snake_entry_garden, chequers_serial_rivers_room_b,
          st_stairs_3, grunt_megastairs_4
Lair:3:   layout_cave_pods, minmay_swamp_entry_reptiles, gauntlet_entry_generic,
          lemuel_fruit_tree
Lair:4:   gammafunk_lair_enchanted_lake, layout_small_grid,
          minmay_slime_entry_pillars, minivault_23
Lair:5:   hellmonk_lair_end_abyssal_woods, layout_cellular_growth,
          lemuel_fruit_fields, infiniplex_staircase_pool
Swamp:1:  layout_basic_swamp, evilmike_swamp_ruin_house_3
Swamp:2:  layout_falls_marsh, hangedman_swamp_cone, uniq_mlioglotl,
          uniq_frances, uniq_aizul
Swamp:3:  layout_basic_swamp, serial_swamp_ruin, evilmike_swamp_ruin_house_5,
          evilmike_swamp_ruin_house_4, swamp_pool_1_2
Swamp:4:  swamp_pestilence, layout_basic_swamp
Snake:1:  layout_concentric_octagons, uniq_louise
Snake:2:  layout_rooms, ebering_ghost_rock_garden
Snake:3:  layout_cave_town, grunt_megastairs_1, uniq_jorgrun, uniq_vashnia
Snake:4:  grunt_snake_rune_serpentine_throne, layout_onion, grunt_ministairs_5,
          nicolae_shop_clearance, uniq_saint_roka
Slime:1:  layout_caves, cheibrodos_slime_lost_civilization_5
Slime:2:  layout_caves
Slime:3:  layout_caves, dissolution_awaits
Slime:4:  layout_caves
Slime:5:  slime_pit_nicolae_trefoil
Vaults:1: v_misc_28, grunt_vaults_twisty, vaults_mumra_minichess,
          ontoclasm_vaults_fault, nicolae_vaults_diamond_2,
          ontoclasm_vaults_chip, ontoclasm_vaults_echo,
          nicolae_vaults_trapezoid_lopsided_4, hangedman_vaults_restitches,
          nicolae_vaults_gold_heap, layout_vaults_omnigrid
Vaults:2: nicolae_vaults_sightless_eye, minmay_crypt_entry_skeletal_spiral,
          nicolae_vaults_inception_statues, v_misc_18,
          nicolae_vaults_wine_cellar, lemuel_angel_altar,
          abrahamwl_protected_by_tso_1, v_pattern_1, v_misc_17,
          nicolae_vaults_network_quinsquares
          [nicolae_vaults_network_quincunx_subvault,
          nicolae_vaults_network_quincunx_subvault,
          nicolae_vaults_network_quincunx_subvault,
          nicolae_vaults_network_quincunx_subvault], vaults_mumra_hexcomb,
          nicolae_vaults_trapezoid_2, grunt_vaults_hallway_short,
          layout_vaults_omnibox, serial_shops, nicolae_shop_just_a_little_nook,
          nicolae_shop_gibbet_a_chance, nicolae_shop_stone, shop, shop
Vaults:3: nicolae_vaults_prndl, vaults_dpeg_ring,
          nicolae_vaults_closet_pinwheel_4, v_rooms_6, nicolae_vaults_cochlea,
          vaults_dpeg_emergency_exit, hangedman_vaults_maws,
          layout_vaults_big_room, serial_shops, shop, uniq_sojobo
Vaults:4: nicolae_vaults_cochlea, nicolae_vaults_trapezoid_lopsided_1,
          v_misc_22, st_cells, nicolae_vaults_diagonal_hallway_7, v_misc_11,
          v_misc_23, v_misc_10, layout_vaults_omnicross, serial_shops,
          shop_statue, shop, nicolae_shop_industrial_runoff, shop
Vaults:5: uniq_margery
Depths:1: layout_gridlike, enter_ziggurat_f, grunt_dithmenos_smoke,
          trove_entry_hex_spiral, grunt_hell_entry_dis_mu,
          nicolae_ru_path_of_blood
Depths:2: regret_index_dithmenos_brocken_genspenst, layout_gridlike, pan_entry,
          nemelex_altar_shiori, hell_entry, minmay_shop_star,
          serial_bayou_shore_b
Depths:3: grunt_runaround [grunt_runaround_loot, grunt_runaround_doors_1,
          grunt_runaround_doors_2, grunt_runaround_doors_3,
          grunt_runaround_doors_4], abyss_entry, hell_entry
Depths:4: grunt_zot_entry_gee_three, layout_honeycomb, pan_entry,
          pf_hell_entry_tar_spiral, minmay_misc_feat_encased,
          hangedman_devilish_allure, minmay_shop_grove,
          infiniplex_staircase_pool_lava
Hell
Tar:1:    layout_honeycomb
Tar:2:    layout_cathedral_of_symmetry, nicolae_tar_cuneiform_city,
          nicolae_tar_cuneiform_water
Tar:3:    layout_grid_maze, nicolae_tar_combstack
Tar:4:    layout_grid_maze
Tar:5:    nicolae_hells_demon_pit, layout_cathedral_of_symmetry

Skill      XL: |  1  2  3  4  5  6  7  8  9 10 11 12 13 14 15 16 17 18 19 20 21 22 23 24 25 26 |
---------------+-------------------------------------------------------------------------------+-----
Short Blades   | 2 3 4 5 7 8 10 13 14 | 14.0
Fighting       | 3 5 10 11 15 16 20 | 20.0
Dodging        | 4 9 11 12 13 | 13.9
Stealth        | 7 10 15 | 15.1
Shapeshifting  | 6 10 14 16 18 21 23 | 23.0
Shields        | 5 8 13 15 | 15.0
Evocations     | 9 10 | 10.0
Long Blades    | 8 11 | 11.0
Armour         | 1 11 | 11.5
Throwing       | |  1.7

Action                     |  1- 3 |  4- 6 |  7- 9 | 10-12 | 13-15 | 16-18 | 19-21 | 22-24 | 25-27 || total
---------------------------+-------+-------+-------+-------+-------+-------+-------+-------+-------++-------
  Melee: Dagger            |    96 |   173 |   485 |  1056 |  1023 |       |       |       |       ||  2833
         Bite              |    21 |    45 |   191 |   451 |   609 |   468 |   740 |   644 |   737 ||  3906
         Quick blade       |       |       |       |       |   506 |       |       |   393 |       ||   899
         Rapier            |       |       |       |       |   181 |  1340 |  1499 |       |       ||  3020
         Eudemon blade     |       |       |       |       |       |       |   138 |  1153 |  1433 ||  2724
         Falchion          |       |       |       |       |       |       |       |   337 |       ||   337
         Kick              |       |       |       |       |       |       |       |   448 |       ||   448
         Headbutt          |       |       |       |       |       |       |       |   328 |   501 ||   829
  Throw: Dart              |       |       |    17 |     1 |       |       |       |       |       ||    18
 Invoke: Serpent's Lash    |       |       |       |       |     8 |     7 |     6 |    13 |     3 ||    37
         Heavenly Storm    |       |       |       |       |     2 |     2 |     2 |     3 |     2 ||    11
Ability: Lunge             |       |       |     2 |    51 |    58 |    97 |   118 |   107 |    92 ||   525
         Whirlwind         |       |       |       |   166 |   639 |   575 |   559 |   557 |   453 ||  2949
  Evoke: Wand              |       |       |       |       |     1 |       |     1 |       |       ||     2
         Sack of spiders   |       |       |       |       |       |       |     1 |       |       ||     1
    Use: Scroll            |       |    10 |     2 |     5 |    14 |    21 |    14 |    17 |     4 ||    87
         Potion            |       |       |       |       |       |     1 |     5 |    14 |       ||    20
   Stab: Sleeping          |     3 |     3 |     7 |    20 |    20 |    36 |    24 |    49 |    11 ||   173
         Distracted        |       |       |     1 |     1 |     3 |     8 |     6 |    16 |     9 ||    44
         Fleeing           |       |       |       |       |     2 |       |       |       |       ||     2
         Confused          |       |       |       |       |       |       |       |       |     1 ||     1
 Armour: Robe              |    31 |       |       |       |       |       |       |       |       ||    31
         Ring mail         |    15 |    91 |   149 |     7 |       |       |       |       |       ||   262
         Leather armour    |       |       |       |   191 |       |       |       |       |       ||   191
         Skin              |       |       |       |    22 |   821 |   418 |   655 |   541 |       ||  2457
         Gold dragon scale |       |       |       |       |       |       |       |     1 |   426 ||   427
  Dodge: Dodged            |    73 |   115 |   213 |   455 |  1166 |   511 |   606 |   695 |   229 ||  4063
  Block: Other             |       |       |       |    36 |    76 |       |       |       |       ||   112
         Kite shield       |       |       |       |       |   982 |   910 |  1143 |  1446 |   804 ||  5285
         Reflection        |       |       |       |       |    49 |    54 |    63 |    41 |     3 ||   210
   Form: Statue            |       |       |       |     1 |       |       |     1 |       |       ||     2
                           |       |       |       |       |       |       |     1 |       |       ||     1
         Death             |       |       |       |       |       |       |       |     1 |       ||     1

Table legend: (Time is in decaauts)
 A = Elapsed time spent in this place.
 B = Non-inter-level travel time spent in this place.
 C = Inter-level travel time spent in this place.
 D = Time resting spent in this place.
 E = Time spent auto-exploring this place.
 F = Levels seen in this place.
 G = Mean time per level.
                   A        B        C        D        E       F      G
               +--------+--------+--------+--------+--------+-----+--------+
         Total |  33179 |  31107 |   2072 |     45 |      0 |  77 |  430.9 |
       Dungeon |   8077 |   7266 |    811 |      3 |      0 |  15 |  538.5 |
        Temple |     21 |     21 |      0 |      0 |      0 |   1 |   21.0 |
          Lair |   4231 |   3524 |    707 |     20 |      0 |   5 |  846.2 |
         Swamp |    755 |    740 |     15 |      0 |      0 |   4 |  188.8 |
     Snake Pit |   1327 |   1287 |     40 |      0 |      0 |   4 |  331.8 |
    Slime Pits |    882 |    882 |      0 |      0 |      0 |   5 |  176.4 |
        Vaults |   4599 |   4521 |     78 |      0 |      0 |   5 |  919.8 |
        Depths |   3440 |   3021 |    419 |      0 |      0 |   4 |  860.0 |
          Hell |    109 |    109 |      0 |      0 |      0 |   1 |  109.0 |
      Tartarus |    493 |    493 |      0 |      0 |      0 |   5 |   98.6 |
         Abyss |    467 |    467 |      0 |      0 |      0 |   4 |  116.8 |
   Pandemonium |   7509 |   7509 |      0 |     22 |      0 |  20 |  375.5 |
         Trove |     73 |     73 |      0 |      0 |      0 |   1 |   73.0 |
       Ossuary |    259 |    259 |      0 |      0 |      0 |   1 |  259.0 |
      Ice Cave |    352 |    352 |      0 |      0 |      0 |   1 |  352.0 |
      Gauntlet |    579 |    579 |      0 |      0 |      0 |   1 |  579.0 |
               +--------+--------+--------+--------+--------+-----+--------+

Top non-repeatable levels by time:
Vaults:5: 2114 daAuts
  Lair:5: 1262 daAuts
  Lair:1: 1073 daAuts
Depths:3: 1009 daAuts
    D:13: 961 daAuts
Depths:2: 925 daAuts
  Lair:2: 900 daAuts
Depths:1: 819 daAuts
Vaults:2: 753 daAuts
Vaults:4: 713 daAuts
    D:10: 702 daAuts
Depths:4: 686 daAuts
     D:5: 667 daAuts
     D:9: 612 daAuts
     D:6: 605 daAuts
